 Dungeon Crawl Stone Soup version 0.16.2-12-gd0ad4c3 (webtiles) character file.

1157 Charly the Cleaver (level 8, -4/40 HPs)
             Began as a Vine Stalker Berserker on Oct 9, 2015.
             Was a Believer of Trog.
             Slain by a mummy (9 damage)
             ... in an ossuary.
             The game lasted 00:10:04 (707 turns).

Charly the Cleaver (Vine Stalker Berserker)          Turns: 707, Time: 00:10:04

Health: -4/40      AC:  6    Str: 21    XL:     8   Next: 39%
Magic:  0/11       EV: 10    Int:  7    God:    Trog [**....]
Gold:   46         SH:  0    Dex: 15    Spells: 0 memorised, 7 levels left

rFire  . . .     SeeInvis .     a - +0 hand axe (curse)
rCold  . . .     Clarity  .     e - +0 scale mail (curse)
rNeg   . . .     SustAb   .     (no shield)
rPois  .         Gourm    .     (no helmet)
rElec  .         Spirit   +     (no cloak)
rCorr  .         Warding  .     (no gloves)
rMut   .         Stasis   .     (no boots)
MR     +++..                    (no amulet)
Stlth  ..........               (no ring)
                                (no ring)

@: regenerating, extremely resistant to hostile enchantments, extremely
unstealthy
A: fangs 3, regeneration 2, magic shield, antimagic bite, no device heal 3, rot
immunity
a: Burn Spellbooks, Berserk, Trog's Hand, Renounce Religion


You were in an ossuary.
You worshipped Trog.
Trog was pleased with you.
You were not hungry.

You visited 1 branch of the dungeon, and saw 7 of its levels.
You also visited: Ossuary.

You collected 46 gold pieces.

Inventory:

Hand weapons
 a - a cursed +0 hand axe (weapon)
Armour
 e - a cursed +0 scale mail (worn)
Magical staves
 f - a cursed staff of summoning {unknown}
Jewellery
 d - an uncursed ring of fire
 j - a cursed -5 ring of protection
Scrolls
 b - a scroll of magic mapping
 h - a scroll of identify
 k - a scroll of recharging {unknown}
 l - a scroll of enchant armour {unknown}
Potions
 g - a potion of invisibility
 i - a potion of curing {unknown}
 m - a potion of experience {unknown}
 n - a potion of brilliance {unknown}
 o - a potion of ambrosia {unknown}
Comestibles
 c - a bread ration


   Skills:
 + Level 3.1 Fighting
 * Level 9.2 Axes
 - Level 1.5 Armour
 - Level 1.5 Dodging


You had 7 spell levels left.
You didn't know any spells.

Dungeon Overview and Level Annotations

Branches:
Dungeon (7/15)
 Temple: D:4-7

Altars:
Sif Muna


Innate Abilities, Weirdness & Mutations

You have razor-sharp teeth.
You heal very quickly.
When hurt, damage is shared between your health and your magic reserves.
Your bite disrupts and absorbs the magic of your enemies.
Potions and wands cannot restore your health.
You are immune to rotting.


Message History

You feel resistant to hostile enchantments.
You feel slightly more hungry.
There is an open door here.
You hit the mummy. Your bite misses the mummy.
The mummy is heavily damaged.
You hit the mummy. You bite the mummy, but do no damage.
The mummy is severely damaged.
You hit the mummy. You bite the mummy. You drain its power.
You feel invigorated.
The mummy is severely damaged.
The mummy hits you!
* * * LOW HITPOINT WARNING * * *
You hit the mummy. You bite the mummy. You drain its power.
You feel invigorated.
The mummy is almost destroyed.
You hit the mummy but do no damage.
The mummy is almost destroyed.
You feel the effects of Trog's Hand fading.
The mummy hits you!
You die...

#...# #
##...##
##
#.....#
#.
##...##
##
#...# #
##...##
##
#.....#
#.
##...##
##
#.@.# #
##M## #
#^..# #
#^∩.# #
#^..# #
##.^.##
#
#.??!?#
#
#.!∩!$#
#.
#...??#
#.


You could see a mummy.

Vanquished Creatures
  A hill giant (D:7)
  The ghost of Typee the Conjurer, an average DECj (Ossuary)
  2 ogres (D:4)
  A centaur (D:4)
  A big kobold (D:4)
  2 scorpions
  A water moccasin skeleton (D:4)
  A worker ant (D:6)
  2 big kobold zombies (Ossuary)
  4 mummies
  An adder (D:4)
  A gnoll (D:4)
  A worm (D:4)
  2 adder zombies (Ossuary)
  A giant gecko (D:4)
  4 orcs
  A goblin (D:3)
  2 hobgoblins
  2 quokkas
  2 bats
  A giant gecko skeleton (D:4)
  A giant newt (D:1)
  3 goblin zombies (Ossuary)
  3 hobgoblin zombies (Ossuary)
  A jackal skeleton (D:6)
  2 kobold zombies (Ossuary)
  2 quokka zombies (Ossuary)
  A rat (D:4)
  4 rat zombies (Ossuary)
51 creatures vanquished.

Notes
Turn   | Place    | Note
--------------------------------------------------------------
     0 | D:1      | Charly, the Vine Stalker Berserker, began the quest for the Orb.
     0 | D:1      | Reached XP level 1. HP: 11/11 MP: 1/1
   151 | D:2      | Reached skill level 3 in Axes
   207 | D:3      | Found a deep blue altar of Sif Muna.
   230 | D:4      | Noticed a big kobold
   237 | D:4      | Reached XP level 2. HP: 16/16 MP: 3/3
   240 | D:4      | Killed a big kobold
   240 | D:4      | Reached skill level 4 in Axes
   240 | D:4      | Reached XP level 3. HP: 19/19 MP: 2/4
   240 | D:4      | Reached XP level 4. HP: 23/23 MP: 2/5
   244 | D:5      | Entered Level 5 of the Dungeon
   267 | D:4      | Noticed an ogre
   268 | D:4      | Noticed an ogre
   272 | D:4      | Noticed a scorpion
   289 | D:4      | Killed an ogre
   289 | D:4      | Reached skill level 5 in Axes
   289 | D:4      | Reached XP level 5. HP: 27/27 MP: 7/7
   299 | D:4      | Killed a scorpion
   299 | D:4      | Reached skill level 6 in Axes
   299 | D:4      | Gained mutation: You heal very quickly. [vine stalker growth]
   299 | D:4      | Reached XP level 6. HP: 32/32 MP: 5/8
   339 | D:4      | Noticed a water moccasin skeleton
   347 | D:4      | Noticed a centaur
   354 | D:4      | Killed a centaur
   356 | D:4      | Killed a water moccasin skeleton
   385 | D:4      | Killed an ogre
   385 | D:4      | Reached skill level 7 in Axes
   385 | D:4      | Reached XP level 7. HP: 13/35 MP: 6/9
   432 | D:4      | You fall through a shaft!
   432 | D:7      | Noticed a hill giant
   442 | D:7      | Killed a hill giant
   442 | D:7      | Reached skill level 8 in Axes
   442 | D:7      | Gained mutation: You have razor-sharp teeth. [vine stalker growth]
   442 | D:7      | Reached XP level 8. HP: 39/39 MP: 11/11
   551 | D:6      | Acquired Trog's second power
   569 | D:6      | Found a sand-covered staircase.
   581 | Ossuary  | Entered an ossuary
   608 | Ossuary  | Noticed Typee's ghost (average DECj)
   618 | Ossuary  | Killed Typee's ghost
   618 | Ossuary  | Reached skill level 9 in Axes
   707 | Ossuary  | Slain by a mummy

Action                   |  1- 3 |  4- 6 |  7- 9 || total
-------------------------+-------+-------+-------++-------
Melee: Hand axe          |    14 |    28 |    91 ||   133
Invok: Berserk           |     1 |     2 |     2 ||     5
       Trog's Hand       |       |       |     1 ||     1
  Use: Scroll            |       |     1 |     4 ||     5
  Eat: Chunk             |       |     1 |       ||     1
       Meat ration       |       |       |     1 ||     1
